 Dungeon Crawl Stone Soup version 0.20-a0-522-g0b37eee (webtiles) character file.

106 KristoblXynda the Ruffian (level 4, -1/35 HPs)
             Began as a Draconian Transmuter on Jan 25, 2017.
             Slain by a worm (8 damage)
             ... on level 3 of the Dungeon.
             The game lasted 00:04:21 (2461 turns).

KristoblXynda the Ruffian (Draconian Transmuter)    Turns: 2461, Time: 00:04:22

Health: -1/35      AC:  5    Str: 13    XL:     4   Next: 55%
Magic:  6/7        EV: 12    Int: 14    God:
Gold:   123        SH:  0    Dex: 11    Spells: 6/7 levels left

rFire    . . .     SeeInvis .     - Unarmed
rCold    . . .     Gourm    +   (armour unavailable)
rNeg     . . .     Faith    .   (no shield)
rPois    .         Spirit   .   (helmet restricted)
rElec    .         Reflect  .   (no cloak)
rCorr    .         Harm     .   (no gloves)
MR       .....                  (boots currently unavailable)
Stlth    +.........             m - amulet of the gourmand
Regen    0.2/turn               (no ring)
                                (no ring)

@: appendage
A: unfitting armour, talons 3, cold-blooded, AC +5
a: End Transformation


You were on level 3 of the Dungeon.
You were not hungry.
You had grown temporary talons.
You visited 1 branch of the dungeon, and saw 3 of its levels.

You collected 123 gold pieces.

Inventory:

Jewellery
 m - an amulet of the gourmand (around neck)
Scrolls
 a - a scroll of recharging {unknown}
 d - a scroll of blinking {unknown}
 f - a scroll of random uselessness {unknown}
 i - 2 scrolls of identify
 k - a scroll of magic mapping
 n - a scroll of remove curse {unknown}
Potions
 e - a potion of cure mutation
Books
 b - a book of Changes

   Spells                             Type                      Level
   a - Beastly Appendage              Transmutation                1
   b - Sticks to Snakes               Transmutation                2
   c - Spider Form                    Transmutation/Poison         3
   d - Ice Form                       Ice/Transmutation            4
   e - Blade Hands                    Transmutation                5
 g - a book of Minor Magic

   Spells                             Type                      Level
   a - Magic Dart                     Conjuration                  1
   b - Blink                          Translocation                2
   c - Call Imp                       Summoning                    2
   d - Repel Missiles                 Charms/Air                   2
   e - Slow                           Hexes                        2
   f - Conjure Flame                  Conjuration/Fire             3
   g - Mephitic Cloud                 Conjuration/Poison/Air       3
Comestibles
 c - 2 bread rations
 h - a fruit
 j - 3 royal jellies
 l - 3 chunks of flesh


   Skills:
 - Level 1.1 Fighting
 - Level 1.7 Dodging
 * Level 4.7 Unarmed Combat
 - Level 2.0 Spellcasting
 + Level 3.2 Transmutations


You had 6 spell levels left.
You knew the following spells:

 Your Spells              Type           Power        Failure   Level  Hunger
a - Beastly Appendage     Tmut           ##....       10%         1    ##.....


Dungeon Overview and Level Annotations

Branches:
Dungeon (3/15)

Altars:
Vehumet


Innate Abilities, Weirdness & Mutations

Your plain brown scales are hard. (AC +5)
You cannot fit into any form of body armour.
You are cold-blooded and may be slowed by cold attacks.
You have claws for feet.


Message History

You hit the worm.
The worm is moderately wounded.
The worm bites you.
* * * LOW HITPOINT WARNING * * *
Casting: Beastly Appendage
Confirm with . or Enter, or press ? or * to list all spells.
Your feet morph into talons.
The worm bites you.
* * * LOW HITPOINT WARNING * * *
You barely miss the worm.
You tail-slap the worm, but do no damage.
The worm is moderately wounded.
You barely miss the worm. You tail-slap the worm.
The worm is heavily wounded.
The worm closely misses you.
You hit the worm. Your kick misses the worm.
The worm is severely wounded.
You hit the worm. You claw the worm.
The worm is severely wounded.
The worm bites you!
You die...

######.#.###..#.# #.# #.#.#
#..#.# #.# ######.#.####.#.#
#.# .....#........#.# #.#
####.###.######.#############.#
..............................#
###....#......#.#############.#
#....#......#%######## ###
#....#......#.@w.....#
##+###......########.# #.#
#......# #.# #......#####
####.# #........... ..##.#
#.#'######## ..##.# #.#.#
..##.###.#.# ..+...##.#.#


You could see a worm.

Vanquished Creatures
  6 adders
  An ooze (D:3)
  A worm (D:3)
  A dart slug (D:1)
  2 leopard geckos (D:1)
  A ball python (D:2)
  3 giant cockroaches (D:2)
  6 goblins
  6 hobgoblins
  4 kobolds
  A quokka (D:2)
  2 bats
  5 frilled lizards
  6 rats
45 creatures vanquished.

Notes
Turn   | Place    | Note
-------+----------+-------------------------------------------
     0 | D:1      | KristoblXynda the Draconian Transmuter began the quest for the Orb.
     0 | D:1      | Reached XP level 1. HP: 16/16 MP: 3/3
   236 | D:1      | Reached XP level 2. HP: 21/23 MP: 5/5
  1197 | D:2      | Reached XP level 3. HP: 25/28 MP: 6/6
  1255 | D:2      | Found a radiant altar of Vehumet.
  1272 | D:2      | Reached skill level 4 in Unarmed Combat
  2034 | D:2      | Reached XP level 4. HP: 35/35 MP: 7/7
  2461 | D:3      | Slain by a worm

Vault maps used:
D:1:      dpeg_arrival_three_same_balls
D:2:      overflow_temple_1_default, minmay_tetromino_t2
D:3:      gup_sewer_entry_bubbles

Skill      XL: |  1  2  3 |
---------------+----------+-----
Unarmed Combat | 4 |  4.7
Transmutations | 3 |  3.2
Fighting       | |  1.1
Dodging        | |  1.7
Spellcasting   | |  2.0

Action                   |  1- 3 |  4- 6 || total
-------------------------+-------+-------++-------
Melee: Unarmed           |   153 |    63 ||   216
       Tailslap          |    16 |     7 ||    23
       Punch             |     2 |       ||     2
       Kick              |       |     9 ||     9
 Cast: Beastly Appendage |     1 |     4 ||     5
  Use: Potion            |     2 |       ||     2
       Scroll            |       |     1 ||     1
 Stab: Sleeping          |       |     1 ||     1
  Eat: Chunk             |     3 |     2 ||     5
Armor: Skin              |    34 |    20 ||    54
Dodge: Dodged            |    82 |    33 ||   115
